 Dungeon Crawl Stone Soup version 0.26.0-10-g1f06aea511 (webtiles) character file.

Game seed: 12345952661209934967

195437 Dirian the Severer (level 18, -14/151 HPs)
             Began as a Hill Orc Fighter on Jan 18, 2021.
             Was the Champion of Beogh.
             Hit by a javelin thrown by a merfolk javelineer (15 damage)
             ... on level 4 of the Shoals.
             The game lasted 01:06:18 (36616 turns).

Dirian the Severer (Hill Orc Fighter)              Turns: 36616, Time: 01:06:19

Health: -14/151    AC: 22    Str: 26 (27) XL:     18   Next: 34%
Magic:  29/30      EV:  6    Int:  6      God:    Beogh [******]
Gold:   2873       SH: 33    Dex: 13 (14) Spells: 17/17 levels left

rFire    + + .     SeeInvis +   a - +8 broad axe (venom)
rCold    . . .     Faith    .   E - +11 tower shield of the Guild-Master {rPois rF+ Will+}
rNeg     . . .     Spirit   .   F - +1 plate armour {rF+}
rPois    +         Reflect  .   S - +0 hat {SInv}
rElec    .         Harm     .   D - +0 cloak (curse)
rCorr    +         Rampage  +   f - +0 pair of gloves
Will     +++..                  I - +0 pair of boots of the Unseen Realm {Rampage Dex+4}
Stlth    ..........             C - amulet of regeneration
HPRegen  0.75/turn              K - ring of resist corrosion
MPRegen  0.22/turn              y - ring of willpower

@: afraid, studying Axes, recalling
A: walk on water, deterioration 1, dopey 1, frail 1
}: 1/15 runes: gossamer
a: Renounce Religion, Smiting, Stop Recall, Give Item to Named Follower,
Resurrection


You were on level 4 of the Shoals.
You worshipped Beogh.
Beogh was exalted by your worship.
You visited 5 branches of the dungeon, and saw 31 of its levels.
You visited 1 bazaar.

You collected 3956 gold pieces.
You spent 1083 gold pieces at shops.

Inventory:

Hand Weapons
 a - a +8 broad axe of venom (weapon)
 b - a +0 scimitar of flaming
 J - a +2 broad axe of electrocution
Armour
 f - a +0 pair of gloves (worn)
 l - a +2 helmet
 D - a cursed +0 cloak (worn)
 E - the +11 tower shield of the Guild-Master (worn) {rPois rF+ Will+}
   (You took it off Louise on level 14 of the Dungeon)

   It protects you from fire.
   It protects you from poison.
   It affects your willpower, your defense against some magical effects.
 F - a +1 plate armour of fire resistance (worn)
 I - the +0 pair of boots of the Unseen Realm (worn) {Rampage Dex+4}
   (You found it on level 1 of the Orcish Mines)

   It affects your dexterity (+4).
   It bestows one free step when moving towards enemies.
 R - the +7 plate armour of Bespelled Creativity {Dex+5}
   (You found it on level 4 of the Shoals)

   It affects your dexterity (+5).
 S - a +0 hat of see invisible (worn)
Jewellery
 g - the amulet of Xaschuu {Reflect rPois rC- Str+9 SH+5 SInv}
   (You took it off a centaur on level 12 of the Dungeon)

   [amulet of reflection]

   It shields you and reflects attacks.
   It affects your strength (+9).
   It makes you vulnerable to cold.
   It protects you from poison.
   It lets you see invisible.
   It affects your SH (+5).
 i - an uncursed ring of positive energy
 y - a ring of willpower (right hand)
 C - an amulet of regeneration (around neck)
 G - a +4 ring of evasion
 K - a ring of resist corrosion (left hand)
 N - a +4 ring of slaying
 P - the brooch of Shielding {Spirit SH+8}
   (You found it on level 3 of the Spider Nest)

   [amulet of guardian spirit]

   It causes incoming damage to be split between your health and magic.
   It affects your SH (+8).
Wands
 e - a wand of disintegration (9)
 v - a wand of digging (5)
 B - a wand of acid (23)
Scrolls
 p - 4 scrolls of magic mapping
 r - 5 scrolls of identify
 s - 6 scrolls of enchant armour
 t - 16 scrolls of teleportation
 x - 17 scrolls of remove curse
 z - a scroll of immolation
 L - a scroll of holy word
 Q - a scroll of silence
Potions
 c - 6 potions of mutation
 d - 3 potions of might
 h - 3 potions of haste
 j - 2 potions of invisibility
 k - 6 potions of lignification
 m - 4 potions of cancellation
 n - 3 potions of resistance
 o - 7 potions of flight
 q - 23 potions of curing
 u - a potion of berserk rage
 w - 6 potions of heal wounds
 A - 4 potions of attraction
 H - 2 potions of magic
 M - 3 potions of ambrosia
Books
 O - a manual of Axes


   Skills:
 + Level 16.4 Fighting
 - Level 20.0 Axes
 + Level 14.2 Armour
 + Level 17.2 Shields
 * Level 17.6 Invocations


You had 17 spell levels left.
You didn't know any spells.
Your spell library contained the following spells:

 Spells                   Type           Power        Failure   Level
 Animate Skeleton         Necr           0%           100%        1
 Apportation              Tloc           0%           100%        1
 Beastly Appendage        Tmut           0%           100%        1
 Corona                   Hex            0%           100%        1
 Magic Dart               Conj           0%           100%        1
 Pain                     Necr           0%           100%        1
 Blink                    Tloc           N/A          100%        2
 Call Imp                 Summ           0%           100%        2
 Ensorcelled Hibernation  Hex/Ice        0%           100%        2
 Searing Ray              Conj           0%           100%        2
 Slow                     Hex            0%           100%        2
 Wereblood                Tmut           0%           100%        2
 Confusing Touch          Hex            0%           100%        3
 Conjure Flame            Conj/Fire      0%           100%        3
 Dazzling Flash           Conj/Hex       0%           100%        3
 Gell's Gravitas          Tloc           0%           100%        3
 Inner Flame              Hex/Fire       0%           100%        3
 Lesser Beckoning         Tloc           0%           100%        3
 Mephitic Cloud           Conj/Pois/Air  0%           100%        3
 Portal Projectile        Hex/Tloc       0%           100%        3
 Spider Form              Tmut/Pois      0%           100%        3
 Tukima's Dance           Hex            0%           100%        3
 Vampiric Draining        Necr           0%           100%        3
 Animate Dead             Necr           0%           100%        4
 Cause Fear               Hex            0%           100%        4
 Fulminant Prism          Conj/Hex       0%           100%        4
 Ice Form                 Ice/Tmut       0%           100%        4
 Iskenderun's Mystic Bla  Conj/Tloc      0%           100%        4
 Leda's Liquefaction      Hex/Erth       0%           100%        4
 Petrify                  Tmut/Erth      0%           100%        4
 Agony                    Necr           0%           100%        5
 Alistair's Intoxication  Tmut/Pois      0%           100%        5
 Blade Hands              Tmut           0%           100%        5
 Metabolic Englaciation   Hex/Ice        0%           100%        5
 Silence                  Hex/Air        0%           100%        5
 Yara's Violent Unravell  Hex/Tmut       0%           100%        5
 Invisibility             Hex            0%           100%        6
 Discord                  Hex            0%           100%        8


Dungeon Overview and Level Annotations

Branches:
Dungeon (15/15)            Temple (0/1) D:6            Lair (6/6) D:8
 Shoals (4/4) Lair:3       Spider (4/4) Lair:2        Slime (0/5) Lair:5
    Orc (2/2) D:11            Elf (0/3) Orc:2        Vaults (0/5) D:14
 Depths (0/5) D:15

Altars:
Cheibriados
Dithmenos
Fedhas
Nemelex Xobeh
Qazlal
Sif Muna
Uskayaw
Vehumet
Xom
Zin
The Shining One
Beogh
Jiyva

Shops:
D:5 *   D:6 ?   D:10 *   Orc:2 =(*   Shoals:2 }   Shoals:3 }

Portals:
Trove: D:13 (give +2 gold dragon scales)


Innate Abilities, Weirdness & Mutations

You can walk on water.
Your body sometimes deteriorates upon taking damage.
You are dopey. (Int -2)
You are frail. (-10% HP)


Message History

The faun hits Okrist with a +0 quarterstaff!!
Your orc warrior is recalled. x2
Something bites the plant!
The satyr plays a frightful melody on his pipes!
The satyr radiates an aura of fear!
Your orc warrior looks frightened! x2; Wardok looks frightened!
Your orc warrior closely misses the faun.
You block the faun's attack. The wind drake flaps its wings at you.
The air twists around and strikes you!
* * * LOW HITPOINT WARNING * * *
The satyr shoots a sling bullet.
The sling bullet hits Bogdar!
Your orc warrior throws a boomerang.
The weapon returns to your orc warrior!
The faun shoots a stone.
The stone barely misses Okrist.
The stone hits you but does no damage.
You hear a splash.
The merfolk javelineer throws a javelin.
The javelin pierces through Gorm!!
The javelin barely misses Wardok.
The javelin pierces through you!
You die...

≈≈≈≈≈≈≈.PY#!.....##≈≈≈≈≈≈≈≈≈.....
≈≈≈≈≈≈≈,YPP......#≈≈≈≈≈.≈≈≈≈≈..#.
≈≈≈≈≈≈≈≈,#...φk..#≈≈≈≈≈≈≈≈≈≈...#.
≈≈≈≈≈≈≈≈,#...o.c.≈≈≈≈..≈≈≈≈≈≈.:†.
≈≈≈≈≈≈≈≈*#....cm#c..##.≈≈≈≈≈...#.
≈≈≈≈≈≈≈≈≈#PP.cm)#coc###≈≈≈≈....#.
≈≈≈≈≈≈≈≈≈#PPPYoo(c≈..o.≈o≈.......
≈≈≈≈≈≈≈≈≈≈...ooooo(≈...≈≈.(..oo..
≈≈≈≈≈≈≈≈P≈P..o.o@ooo...≈≈o...oo..
≈≈≈≈≈≈≈PPP≈≈≈≈≈≈o≈≈≈≈≈≈≈≈...oo...
≈≈≈≈≈≈≈≈PPP≈≈≈≈≈≈≈≈≈o.≈≈≈≈..o....
≈≈≈≈≈≈≈≈PPP(P≈≈(≈((≈≈≈≈≈≈≈......≈
≈≈≈≈≈≈≈≈≈≈≈≈≈≈≈≈≈≈≈≈≈≈≈≈≈≈≈.....≈
≈≈≈≈≈≈≈≈≈≈≈≈≈≈≈≈≈≈≈≈≈≈≈≈≈≈≈≈≈≈≈≈≈
≈≈≈≈≈≈≈≈≈≈≈≈≈≈≈≈≈≈≈≈≈≈≈≈≈≈≈≈≈≈≈≈≈
≈≈≈≈≈≈≈≈≈≈≈≈≈≈≈≈≈≈≈≈≈≈≈≈≈≈≈≈≈≈≈≈≈
≈≈≈≈≈≈≈≈≈≈≈≈≈≈≈≈≈≈≈≈≈≈≈≈≈≈≈≈≈≈≈≈≈


You could see a merfolk impaler, a merfolk javelineer, 3 satyrs, a wind drake
(repels missiles), 4 fauns, a dream sheep, the friendly Gorm the orc warlord
(strong, fleeing), the friendly Urtork the orc warlord (strong, slow), 2
friendly orc knights, the friendly Bogdar the orc knight (strong), the friendly
Gorm the orc knight (strong, fleeing), the friendly Okrist the orc knight
(strong, fleeing), the friendly Wardok the orc knight (strong, fleeing), 7
friendly orc warriors, a friendly orc priest (strong) and a friendly orc wizard
(strong, invisible, fleeing).

Vanquished Creatures
  Bai Suzhen (Spider:4)
  Saint Roka (Orc:2)
  Nikola (Shoals:3)
  3 krakens
  A ghost moth (Spider:4)
  An orc warlord (Orc:1)
  Louise (D:14)
  A stone giant (Orc:1)
  3 entropy weavers
  A minotaur (Shoals:1)
  A spark wasp (Spider:4)
  A merfolk javelineer (Shoals:2)
  3 merfolk impalers
  3 hydras
  Harold (Lair:1)
  3 vault guards (D:14)
  A boulder beetle (Spider:2)
  5 two-headed ogres
  3 merfolk avatars
  A catoblepas (D:13)
  2 centaur warriors
  3 satyrs
  2 orc high priests
  A queen ant (Spider:1)
  A fire crab (Shoals:2)
  2 unseen horrors (D:11)
  6 sea snakes
  10 harpies
  An orc knight (Orc:2)
  7 orb spiders
  An ugly thing (D:14)
  14 fauns
  12 wolf spiders
  A deep elf mage (D:13)
  2 orc sorcerers (Orc:2)
  8 cyclopes
  7 manticores
  3 centaur zombies
  A stone giant skeleton (D:15)
  Joseph (D:8)
  15 elephants
  5 black mambas
  2 water nymphs (Shoals:1)
  3 merfolk sirens
  7 cane toads
  A gargoyle (D:14)
  4 rime drakes
  A freezing wraith (D:13)
  9 komodo dragons
  A redback zombie (D:14)
  5 demonic crawlers
  14 merfolk
  2 meliai (Shoals:1)
  A tengu conjurer (D:14)
  A polar bear (Lair:6)
  4 wind drakes
  15 jumping spiders
  2 trolls
  8 hornets
  Grinder (D:6)
  Prince Ribbit (D:8)
  7 blink frogs
  5 snapping turtles
  11 dream sheep
  26 redbacks
  A shadow (D:15)
  2 centaur simulacra
  2 water elementals
  42 yaks
  A vampire (D:9)
  13 tarantellas
  4 wyverns
  2 wraiths
  3 hogs (Shoals:1)
  3 basilisks
  4 vampire mosquitoes (D:15)
  4 wargs
  23 soldier ants
  3 acid dragons
  10 water moccasins
  3 black bears
  3 sky beasts
  4 ice beasts
  11 orc warriors
  2 eyes of draining
  7 ogres
  A necrophage (D:12)
  15 centaurs
  A phantom (D:6)
  2 big kobolds
  15 bullfrogs
  3 gnoll sergeants
  5 scorpions
  2 killer bees (D:12)
  17 wights
  4 howler monkeys
  3 electric eels
  2 bullfrog zombies
  17 hounds
  5 orc priests
  A bullfrog skeleton (D:6)
  8 jellies
  11 orc wizards
  A centaur skeleton (D:5)
  5 iguanas
  2 gnoll shamans (D:10)
  23 worker ants
  2 killer bee zombies
  A hound skeleton (D:9)
  Robin (D:3)
  37 gnolls
  A howler monkey skeleton (D:8)
  2 howler monkey zombies
  15 adders
  3 shadow imps
  2 white imps
  2 ufetubi
  5 oozes (D:9)
  An adder skeleton (D:6)
  2 worms
  6 dart slugs
  9 leopard geckos
  29 orcs
  A ball python (D:2)
  9 bats
  4 giant cockroaches
  15 goblins
  11 hobgoblins
  7 jackals
  4 quokkas
  6 frilled lizards
  19 kobolds
  A quokka skeleton (D:4)
  A quokka zombie (D:8)
  11 rats
  3 tentacles (Shoals:2)
772 creatures vanquished.

Vanquished Creatures (collateral kills)
  Mara (Shoals:3)
  Rupert (D:14)
  Jorgrun (Shoals:1)
  Kirke (Shoals:1)
  Ilsuiw (Shoals:2)
  Roxanne (Shoals:2)
  An orc warlord (Orc:2)
  3 ghost moths (Spider:4)
  A caustic shrike zombie (D:15)
  4 emperor scorpions
  Aizul (Spider:2)
  A stone giant (Orc:1)
  2 spark wasps
  Snorg (D:14)
  A merfolk impaler (Shoals:2)
  A merfolk javelineer (Shoals:1)
  An ice dragon (Lair:1)
  A vault guard (D:14)
  4 hydras
  A death knight (D:13)
  A satyr (Shoals:1)
  Erica (Lair:2)
  A merfolk avatar (Lair:6)
  A tengu warrior (D:14)
  2 orc high priests (Orc:1)
  A storm dragon zombie (D:15)
  2 skeletal warriors (D:15)
  7 sea snakes
  An unseen horror (D:14)
  8 harpies
  An orc knight (Orc:1)
  A necromancer (D:15)
  A phantasmal warrior (D:15)
  5 wolf spiders
  An orc sorcerer (Orc:2)
  5 fauns
  6 orb spiders
  6 manticores
  3 slime creatures (D:15)
  11 elephants (Lair:6)
  4 merfolk sirens
  4 black mambas
  A water nymph (Shoals:4)
  3 centaur skeletons
  6 cane toads
  A rime drake (Lair:6)
  A freezing wraith (D:13)
  2 komodo dragons
  6 demonic crawlers
  A tengu conjurer (D:15)
  5 merfolk
  2 wind drakes
  A meliai (Shoals:1)
  6 hornets
  3 trolls
  19 jumping spiders
  3 polar bears
  An ettin zombie (D:15)
  6 dream sheep
  6 blink frogs
  8 snapping turtles
  2 water elementals
  A wraith (D:14)
  6 tarantellas
  38 redbacks
  19 yaks
  A wyvern (D:14)
  A hog (Shoals:1)
  5 vampire mosquitoes
  3 fire bats (Shoals:2)
  4 basilisks
  A soldier ant (Spider:1)
  7 wargs
  5 water moccasins
  9 orc warriors
  2 ogres (Orc:2)
  4 centaurs
  A big kobold (D:11)
  2 bullfrogs
  A wyvern zombie (D:14)
  3 wights
  A killer bee (D:12)
  2 electric eels
  A howler monkey (D:14)
  2 bullfrog zombies (D:12)
  7 orc priests
  9 orc wizards
  A bullfrog skeleton (D:13)
  An iguana (D:12)
  5 worker ants
  2 leopard geckos (D:12)
  19 orcs
  A hobgoblin (D:11)
  A frilled lizard (D:12)
  A bush (Shoals:1)
  A tentacle (Shoals:2)
352 creatures vanquished.

Vanquished Creatures (others)
  2 orc sorcerers
  6 orc knights
  15 orc priests
  A human (Shoals:1)
  13 orc wizards
  19 orc warriors
  34 orcs
  105 fungi
  226 plants
  19 tentacles
  11 withered plants (D:15)
451 creatures vanquished.

Grand Total: 1575 creatures vanquished

Notes
Turn   | Place    | Note
-------+----------+-------------------------------------------
     0 | D:1      | Dirian the Hill Orc Fighter began the quest for the Orb.
     0 | D:1      | Reached XP level 1. HP: 19/19 MP: 1/1
   240 | D:1      | Reached XP level 2. HP: 24/27 MP: 2/2
   332 | D:1      | Reached skill level 3 in Axes
   581 | D:1      | Reached XP level 3. HP: 10/33 MP: 3/3
  1042 | D:2      | Found a shimmering altar of Xom.
  1120 | D:2      | Reached skill level 4 in Axes
  1120 | D:2      | Reached XP level 4. HP: 40/40 MP: 4/4
  2139 | D:3      | Noticed Robin
  2152 | D:3      | Killed Robin
  2157 | D:3      | Reached XP level 5. HP: 37/47 MP: 5/5
  2511 | D:3      | Reached skill level 5 in Axes
  2549 | D:3      | Found a glowing golden altar of the Shining One.
  3205 | D:4      | Reached XP level 6. HP: 51/53 MP: 6/6
  3258 | D:4      | Found a stormy altar of Qazlal.
  3444 | D:4      | Reached skill level 6 in Axes
  3761 | D:5      | Entered Level 5 of the Dungeon
  3909 | D:5      | Reached XP level 7. HP: 34/60 MP: 7/7
  4062 | D:5      | Reached skill level 5 in Fighting
  4062 | D:5      | Reached skill level 7 in Axes
  4190 | D:5      | Found Omodi's Serpentskin Sales.
  4209 | D:5      | Reached skill level 5 in Armour
  5046 | D:5      | Reached skill level 8 in Axes
  5046 | D:5      | Reached skill level 5 in Shields
  5403 | D:6      | Found a staircase to the Ecumenical Temple.
  5431 | D:6      | Reached XP level 8. HP: 38/69 MP: 8/8
  5720 | D:6      | Reached skill level 9 in Axes
  5888 | D:6      | Noticed Grinder
  5888 | D:6      | Paralysed by Grinder for 3 turns
  5894 | D:6      | Found a shimmering blue altar of Sif Muna.
  5899 | D:6      | Killed Grinder
  5967 | D:6      | Found Goilim's Magic Scroll Shop.
  6023 | D:6      | Found a sparkling altar of Nemelex Xobeh.
  6045 | D:6      | Became a worshipper of Beogh the Brigand
  6207 | D:6      | Reached skill level 10 in Axes
  6231 | D:6      | Found a shadowy altar of Dithmenos.
  6386 | D:6      | Reached skill level 1 in Invocations
  6386 | D:6      | Reached XP level 9. HP: 58/75 MP: 9/9
  7297 | D:7      | Found a glowing silver altar of Zin.
  7297 | D:7      | Noticed an angel
  7352 | D:7      | Reached * piety under Beogh
  7662 | D:8      | Noticed Joseph
  7696 | D:8      | Killed Joseph
  7697 | D:8      | Reached skill level 11 in Axes
  7836 | D:8      | Noticed Prince Ribbit
  8125 | D:8      | Reached XP level 10. HP: 59/86 MP: 13/13
  8285 | D:8      | Killed Prince Ribbit
  8355 | D:8      | Reached skill level 5 in Invocations
  8362 | D:8      | Reached skill level 12 in Axes
  8377 | D:8      | Found a staircase to the Lair.
  8878 | D:9      | Reached ** piety under Beogh
 10014 | D:9      | Found a blossoming altar of Fedhas.
 10034 | D:9      | Found a radiant altar of Vehumet.
 10360 | D:10     | Entered Level 10 of the Dungeon
 10443 | D:10     | Noticed a two-headed ogre
 10799 | D:9      | HP: 4/88 [troll (7)]
 11436 | D:10     | HP: 1/88 [two-headed ogre/+0 giant spiked club (21)]
 11838 | D:9      | Reached skill level 13 in Axes
 12298 | D:10     | Reached XP level 11. HP: 93/94 MP: 16/16
 12784 | D:10     | Reached *** piety under Beogh
 12888 | D:10     | Killed a two-headed ogre
 13508 | D:10     | Found Ceggoc's General Store.
 13560 | D:10     | Identified a scroll of acquirement
 13572 | D:10     | Acquired a +0 broad axe of venom
 13588 | D:11     | Found a staircase to the Orcish Mines.
 13872 | D:11     | Killed an unseen horror
 13873 | D:11     | Reached skill level 14 in Axes
 14331 | D:11     | Noticed a two-headed ogre
 14338 | D:11     | Killed a two-headed ogre
 14517 | D:11     | Killed an unseen horror
 14793 | D:12     | Reached **** piety under Beogh
 14914 | D:12     | Identified the amulet of Xaschuu {Reflect rPois rC- Str+9
                  | SH+5 SInv}
 15093 | D:12     | Noticed a manticore
 15102 | D:12     | Killed a manticore
 15187 | D:12     | Noticed a seven-headed hydra
 15191 | D:12     | Killed a seven-headed hydra
 15192 | D:12     | Reached XP level 12. HP: 104/104 MP: 5/18
 15331 | D:12     | Reached skill level 15 in Axes
 15333 | D:12     | Gained Bogbarth as an ally
 15749 | Lair:1   | Entered Level 1 of the Lair of Beasts
 16125 | Lair:1   | Noticed Harold
 16129 | Lair:1   | Killed Harold
 16274 | Lair:1   | Noticed an ice dragon
 16284 | Lair:1   | Killed an ice dragon
 17223 | Lair:2   | Found a hole to the Spider Nest.
 17335 | Lair:2   | Noticed Erica
 17349 | Lair:2   | Killed Erica
 17349 | Lair:2   | Gained Berold as an ally
 17436 | Lair:2   | You fall into a shaft and drop 1 floor!
 17444 | Lair:3   | Reached skill level 10 in Invocations
 17453 | Lair:3   | Reached skill level 10 in Armour
 17788 | Lair:3   | Reached skill level 10 in Fighting
 17788 | Lair:3   | Reached skill level 16 in Axes
 18211 | Lair:3   | Noticed a five-headed hydra
 18221 | Lair:3   | Killed a two-headed hydra
 18491 | Lair:3   | Reached XP level 13. HP: 107/113 MP: 21/21
 18524 | Lair:3   | Reached skill level 10 in Shields
 18776 | Lair:3   | Found a staircase to the Shoals.
 20419 | Lair:4   | Gained Urtork as an ally
 21410 | Lair:5   | Found a viscous altar of Jiyva.
 21419 | Lair:5   | Found a staircase to the Slime Pits.
 22395 | Lair:6   | Entered Level 6 of the Lair of Beasts
 22437 | Lair:6   | Reached skill level 17 in Axes
 22642 | Lair:6   | Reached ***** piety under Beogh
 22669 | Lair:6   | Got a slimy lajatang
 22671 | Lair:6   | Got a transparent jade amulet
 23026 | Lair:6   | Reached XP level 14. HP: 115/124 MP: 23/23
 23434 | Lair:6   | Reached skill level 18 in Axes
 23608 | Lair:6   | Reached ****** piety under Beogh
 24132 | Lair:6   | Identified the cursed +1 lajatang of Poverty {vorpal,
                  | *Contam Str+4 Int+4} (You found it on level 6 of the Lair
                  | of Beasts)
 24133 | Lair:6   | Identified the amulet "Erul Tyd" {Inacc Int+4} (You found
                  | it on level 6 of the Lair of Beasts)
 24148 | Lair:6   | Acquired a +4 vampiric broad axe
 24149 | Lair:6   | Acquired 828 gold pieces
 24629 | D:13     | Your ally Berold died
 24635 | D:13     | Acquired a manual of Axes
 24751 | Orc:1    | Entered Level 1 of the Orcish Mines
 24836 | Orc:1    | Found a transporter.
 24873 | Orc:1    | Noticed a stone giant
 24873 | Orc:1    | Noticed a stone giant
 24946 | Orc:1    | Found a roughly hewn altar of Beogh.
 24946 | Orc:1    | Found a transporter.
 25050 | Orc:1    | Noticed an orc warlord
 25063 | Orc:1    | Killed an orc warlord
 25528 | Orc:2    | Entered Level 2 of the Orcish Mines
 25584 | Orc:2    | Found a staircase to the Elven Halls.
 25588 | Orc:2    | Noticed Saint Roka
 25596 | Orc:2    | Killed Saint Roka
 25597 | Orc:2    | Reached skill level 19 in Axes
 25797 | Orc:2    | Found a roughly hewn altar of Beogh.
 25798 | Orc:2    | Found Evvuph's Jewellery Shop.
 25846 | Orc:2    | Found a roughly hewn altar of Beogh.
 26175 | Orc:2    | Found a roughly hewn altar of Beogh.
 26225 | Orc:2    | Found a roughly hewn altar of Beogh.
 26332 | Orc:2    | Found a roughly hewn altar of Beogh.
 26518 | Orc:2    | Found a roughly hewn altar of Beogh.
 26521 | Orc:2    | Found Sageqih's Assorted Antiques.
 26541 | Orc:2    | Bought a lumpy blue potion for 23 gold pieces
 26668 | Orc:2    | Noticed an orc warlord
 26673 | Orc:2    | Killed an orc warlord
 26675 | Orc:2    | Found Igael's Antique Weapon Shoppe.
 26675 | Orc:2    | Found a roughly hewn altar of Beogh.
 26682 | Orc:2    | Found Dinnaot's Antique Armour Emporium.
 26827 | Orc:2    | Bought a brightly glowing battleaxe for 230 gold pieces
 26827 | Orc:2    | Bought a runed broad axe for 140 gold pieces
 26828 | Orc:2    | Identified the cursed +1 battleaxe of Anetuat {venom, Int+3
                  | Dex+4} (You bought it in a shop on level 2 of the Orcish
                  | Mines)
 27109 | D:13     | Found a portal to a secret trove of treasure.
 27255 | D:13     | Reached XP level 15. HP: 133/133 MP: 25/25
 27650 | D:12     | Found a snail-covered altar of Cheibriados.
 27999 | D:14     | Found a gate to the Vaults.
 28020 | D:14     | Reached skill level 20 in Axes
 28067 | D:14     | Noticed Rupert
 28078 | D:14     | Killed Rupert
 28203 | D:14     | Identified the +11 tower shield of the Guild-Master {rPois
                  | rF+ Will+}
 28203 | D:14     | Noticed Louise
 28217 | D:14     | Killed Louise
 28395 | D:14     | Noticed Snorg
 28404 | D:14     | Killed Snorg
 28679 | D:15     | Entered Level 15 of the Dungeon
 28755 | D:15     | Found a staircase to the Depths.
 29152 | D:15     | Found a stormy altar of Qazlal.
 29785 | Orc:1    | Got a pair of faintly humming boots
 29826 | Orc:1    | Identified the +0 pair of boots of the Unseen Realm
                  | {Rampage Dex+4} (You found it on level 1 of the Orcish
                  | Mines)
 30052 | Spider:1 | Entered Level 1 of the Spider Nest
 30080 | Spider:1 | Gained Herok as an ally
 30083 | Spider:1 | Reached XP level 16. HP: 133/145 MP: 27/27
 30092 | Spider:1 | Reached skill level 15 in Invocations
 30401 | Spider:1 | Gained Judas as an ally
 30470 | Spider:1 | Your ally Herok died
 30619 | Spider:1 | Gained Orkwin as an ally
 30864 | Spider:2 | Your ally Orkwin died
 30869 | Spider:2 | Noticed Aizul
 30878 | Spider:2 | Killed Aizul
 30986 | Spider:2 | Gained mutation: Your body sometimes deteriorates upon
                  | taking damage. [mutagenic glow]
 30991 | Spider:2 | Gained Gorg as an ally
 31016 | Spider:2 | Gained mutation: You are frail. (-10% HP) [mutagenic glow]
 31026 | Spider:2 | Gained mutation: You are dopey. (Int -2) [mutagenic glow]
 31270 | Spider:3 | Your ally Judas died
 31286 | Spider:3 | Your ally Orkwin died
 31292 | Spider:3 | Your ally Bogbarth died
 31431 | Spider:3 | Gained Bogbrand as an ally
 31530 | Spider:3 | Found the brooch of Shielding {Spirit SH+8}
 32102 | Spider:4 | Entered Level 4 of the Spider Nest
 32172 | Spider:4 | Noticed Bai Suzhen
 32191 | Spider:4 | Killed Bai Suzhen
 32573 | Spider:4 | Reached skill level 15 in Shields
 32679 | Spider:4 | Reached XP level 17. HP: 132/138 MP: 9/29
 33104 | Spider:4 | Gained Morguth as an ally
 33110 | Spider:4 | Gained Gorm as an ally
 33112 | Spider:4 | Your ally Morguth died
 33126 | Spider:4 | Reached skill level 15 in Fighting
 33138 | Spider:4 | Got a gossamer rune of Zot
 33516 | Shoals:1 | Entered Level 1 of the Shoals
 33595 | Shoals:1 | Noticed a kraken
 33604 | Shoals:1 | Killed a kraken
 33638 | Shoals:1 | Noticed Jorgrun
 33651 | Shoals:1 | Killed Jorgrun
 33783 | Shoals:1 | Identified the +8 scythe of Uvyd {flame, Str+4} (You found
                  | it on level 1 of the Shoals)
 33855 | Shoals:1 | Found a gateway to a bazaar.
 33856 | Shoals:1 | Your ally Bogbrand died
 33874 | Shoals:1 | Your ally Gorg died
 33879 | Bazaar   | Entered a bazaar
 33883 | Bazaar   | Found Tuyffet's Distillery.
 33901 | Bazaar   | Found Isotyvis's Weapon Emporium.
 33918 | Bazaar   | Found Veoff's Book Boutique.
 33935 | Bazaar   | Found Tuen's Antique Weapon Shoppe.
 33957 | Bazaar   | Bought a potion of resistance for 100 gold pieces
 33957 | Bazaar   | Bought a potion of curing for 30 gold pieces
 33957 | Bazaar   | Bought a potion of ambrosia for 80 gold pieces
 33957 | Bazaar   | Bought a potion of resistance for 100 gold pieces
 33957 | Bazaar   | Bought a potion of cancellation for 80 gold pieces
 33957 | Bazaar   | Bought a potion of flight for 30 gold pieces
 34013 | Shoals:1 | Found a hide-covered altar of Uskayaw.
 34206 | Shoals:1 | Got a scorched fustibalus
 34211 | Shoals:1 | Identified the +7 fustibalus of Nuutott {flame, +Blink
                  | rElec Dex+4} (You found it on level 1 of the Shoals)
 34339 | Shoals:1 | Noticed Kirke
 34349 | Shoals:1 | Killed Kirke
 34834 | Shoals:2 | Noticed Ilsuiw
 34854 | Shoals:2 | Killed Ilsuiw
 35003 | Shoals:2 | Noticed a kraken
 35017 | Shoals:2 | Killed a kraken
 35053 | Shoals:2 | Noticed Roxanne
 35055 | Shoals:2 | Found Lafostrac's Gadget Emporium.
 35065 | Shoals:2 | Killed Roxanne
 35155 | Shoals:2 | Gained Gorm as an ally
 35678 | Shoals:3 | Noticed Nikola
 35685 | Shoals:3 | Killed Nikola
 35689 | Shoals:3 | Noticed Mara
 35695 | Shoals:3 | Noticed Dirian's illusion
 35698 | Shoals:3 | Killed Mara
 35699 | Shoals:3 | Reached XP level 18. HP: 69/149 MP: 2/30
 35871 | Shoals:3 | Found Died Ikhlec's Gadget Boutique.
 35879 | Shoals:3 | Bought a wand of digging (5) for 270 gold pieces
 35996 | Shoals:3 | Gained Bogdar as an ally
 36021 | Shoals:3 | Gained Wardok as an ally
 36415 | Shoals:4 | Entered Level 4 of the Shoals
 36457 | Shoals:4 | Identified the +7 plate armour of Bespelled Creativity
                  | {Dex+5} (You found it on level 4 of the Shoals)
 36599 | Shoals:4 | Gained Okrist as an ally
 36612 | Shoals:4 | HP: 6/151 [faun/sling bullet[a satyr] (15)]
 36616 | Shoals:4 | HP: 1/151 [wind drake/the air (8)]
 36616 | Shoals:4 | Hit by a javelin thrown by a merfolk javelineer

Illustrated notes

Levels and vault maps discovered:
D:1:      giann_wishing_wells, layout_basic
D:2:      layout_loops_ring, nicolae_overflow_hidden_temple, tgw_xom
D:3:      layout_loops_ring, nicolae_tso_swordbearing_angel,
          grunt_ministairs_15, uniq_robin
D:4:      layout_basic, kennysheep_little_box
D:5:      layout_basic, kennysheep_nondescript, guppyfry_shop_venom
D:6:      layout_rooms, lemuel_coloured_pillars_altar,
          overflow_temple_1_default, minmay_temple_entry_slanted, serial_shops,
          nicolae_shop_competitors_out_of_business, led_sif_book, uniq_grinder
D:7:      layout_loops_ring, zin_angel
D:8:      layout_rooms, due_lair_maze_entry_diamond,
          minmay_manual_mandibuliform, uniq_prince_ribbit1, uniq_joseph
D:9:      layout_rooms, lemuel_crystal_altar, fedhas_bush_and_centaur_altar,
          minivault_5, hangedman_little_slice_of_home
D:10:     layout_cave_pools, serial_gnoll_camp, gnoll_camp_mini_loothouse,
          gnoll_camp_mini_hut, gnoll_camp_mini_basic, gnoll_camp_mini_shop,
          gnoll_camp_huts_moat
D:11:     layout_gridville, erik_orc_4, grunt_potential
D:12:     lemuel_upstairs_altar, layout_basic, minmay_lizard_king
D:13:     layout_stronghold, enter_trove_1, minmay_parallelograms
D:14:     layout_roguey, lightli_vaults_fourway_checkpoint,
          minmay_misc_feat_square, kennysheep_another_room, grunt_ministairs_6,
          chequers_serial_rivers_room_b, uniq_louise, uniq_snorg, uniq_rupert
D:15:     gammafunk_depths_entry_grave, layout_gridville,
          nicolae_qazlal_style_of_elements
Lair:1:   dragon1_lemuel, layout_small_grid, uniq_harold
Lair:2:   layout_hall_layers, spider_nest_entry_web_field, uniq_erica
Lair:3:   layout_loops_ring, shoals_dummy_entry, infiniplex_staircase_pool,
          grunt_megastairs_3
Lair:4:   layout_layer_cave
Lair:5:   layout_cave_shapes, slime_altar_1, serial_bayou_shore_a
Lair:6:   gammafunk_lair_ancient_temple, layout_cave_pods, st_stairs_12,
          infiniplex_staircase_pool_2, serial_bayou_shore_b
Shoals:1: layout_shoals, serial_shops, bzr_entry_dummy,
          regret_index_shoals_crete, uniq_kirke, uniq_jorgrun
Shoals:2: layout_shoals, serial_shops, shop, hangedman_shoal_volcano,
          uniq_ilsuiw, uniq_roxanne
Shoals:3: layout_shoals, serial_shops, nicolae_shop_waterfront, uniq_mara,
          uniq_nikola
Shoals:4: shoals_end_grunt_garden, layout_shoals, nzn_prometheus_bound
Spider:1: layout_spider_delve, drop_trap, zaba_anthell
Spider:2: layout_spider_delve, drop_trap, uniq_aizul
Spider:3: layout_spider_delve, nicolae_spider_cling_ruins
Spider:4: spider_rune_water, uniq_bai_suzhen
Orc:1:    gammafunk_beogh_shrine, layout_caves, nooodl_orcs_dogs
Orc:2:    grunt_orc_community_town_hall, layout_caves,
          grunt_orc_community_big_house_1, grunt_orc_community_big_house_2,
          grunt_orc_community_house_1, grunt_orc_community_house_1,
          grunt_orc_community_house_1, grunt_orc_community_house_1,
          grunt_orc_community_house_3, grunt_orc_community_house_2,
          lightli_orcish_oven, uniq_saint_roka

Skill      XL: |  1  2  3  4  5  6  7  8  9 10 11 12 13 14 15 16 17 18 |
---------------+-------------------------------------------------------+-----
Axes           | 3 4 5 6 8 10 11 13 14 16 17 19 20 | 20.0
Fighting       | 4 5 6 7 8 9 10 11 12 13 14 16 | 16.4
Shields        | 4 5 6 7 8 9 10 11 13 15 16 17 | 17.2
Armour         | 4 5 6 7 8 9 10 11 12 13 14 | 14.2
Invocations    | 1 4 6 8 10 12 13 14 16 17 | 17.6

Action                   |  1- 3 |  4- 6 |  7- 9 | 10-12 | 13-15 | 16-18 || total
-------------------------+-------+-------+-------+-------+-------+-------++-------
Melee: War axe           |    85 |   214 |   353 |   466 |       |       ||  1118
       Broad axe         |       |       |       |   211 |   729 |   838 ||  1778
       Scimitar          |       |       |       |     7 |    19 |     2 ||    28
Invok: Convert to Beogh  |       |       |     1 |       |       |       ||     1
       Smiting           |       |       |       |    10 |    11 |    10 ||    31
       Recall Orcish Fol |       |       |       |     1 |     3 |     4 ||     8
       Give Item to Name |       |       |       |       |     2 |     3 ||     5
       Resurrection      |       |       |       |       |       |     1 ||     1
Evoke: Wand              |       |       |     3 |       |       |       ||     3
  Use: Potion            |       |     1 |       |     3 |     1 |     3 ||     8
       Scroll            |       |    10 |     7 |    12 |    15 |    11 ||    55
 Stab: Paralysed         |       |       |     4 |       |       |       ||     4
       Distracted        |       |       |       |     2 |    11 |     7 ||    20
       Confused          |       |       |       |     1 |       |       ||     1
       Held in net/web   |       |       |       |       |       |     1 ||     1
Armor: Scale mail        |    57 |    91 |    93 |       |       |       ||   241
       Chain mail        |       |       |    67 |   132 |       |       ||   199
       Plate armour      |       |       |       |   220 |   312 |   258 ||   790
Dodge: Dodged            |    35 |    75 |    76 |   144 |   215 |    63 ||   608
Block: Kite shield       |    56 |   118 |   171 |   443 |   380 |       ||  1168
       Tower shield      |       |       |       |       |   194 |  1002 ||  1196
       Rpst.: Scimitar   |       |       |       |     1 |     2 |       ||     3
